 Dungeon Crawl Stone Soup version 0.24.0-41-g2ae2f7f1be (webtiles) character file.

Game seed: 6352892517848377755, levelgen mode: deterministic

580742 Iamsoldier the Impregnable (level 25, -5/213 HPs)
             Began as a Demonspawn Berserker on Dec 11, 2019.
             Was the Champion of Trog.
             Splashed by an acid blob's acid (8 damage)
             ... summoned by a glowing orange brain
             ... on level 1 of the Pits of Slime.
             The game lasted 02:13:51 (60446 turns).

Iamsoldier the Impregnable (Demonspawn Berserker)  Turns: 60446, Time: 02:13:51

Health: -5/213     AC: 19    Str: 26      XL:     25   Next: 92%
Magic:  3/32       EV: 19    Int:  0 (3)  God:    Trog [******]
Gold:   2692       SH: 21    Dex: 23      Spells: 24/24 levels left

rFire    + + .     SeeInvis +   a - +9 demon trident (protect)
rCold    + + .     Gourm    .   p - +5 shield "Avocserra" {rC+ Regen+}
rNeg     + . .     Faith    .   c - +1 crystal plate armour
rPois    +         Spirit   .   (helmet unavailable)
rElec    +         Reflect  .   S - scarf {cloud immunity}
rCorr    +         Harm     .   B - +0 pair of gloves
MR       +++++     Clarity  +   G - +2 pair of boots of Wu Jian's Whim {rC+ MR- rCorr SInv}
Stlth    +++.......             f - amulet of the Four Winds {rN+ MR+++ Clar}
HPRegen  1.85/turn              U - ring of Qenuvvurch {Fire *Corrode rElec MR++ Stlth+}
MPRegen  0.23/turn              R - ring "Beroorri" {rPois rF+ MR+ Int-5}

@: corroded, very slightly contaminated, regenerating, slowed, lost
intelligence, very slow
A: horns 3, thin skeletal structure 3, cold resistance 1, mutation resistance 1,
nightstalker 3, passive freeze, powered by death 2, screaming 1, freezing cloud
immunity, MP-powered wands
}: 3/15 runes: serpentine, barnacled, silver
a: Berserk, Trog's Hand, Brothers in Arms, Renounce Religion


You were on level 1 of the Pits of Slime.
You worshipped Trog.
Trog was exalted by your worship.
You were near starving.

You visited 9 branches of the dungeon, and saw 46 of its levels.
You visited 1 bazaar.
You also visited: Gauntlet, Ice Cave and Volcano.

You collected 6226 gold pieces.
You spent 3534 gold pieces at shops.

Inventory:

Hand Weapons
 a - a +9 demon trident of protection (weapon)
 M - a +4 antimagic demon trident
Armour
 c - a +1 crystal plate armour (worn)
 p - the +5 shield "Avocserra" (worn) {rC+ Regen+}
   (You found it on level 8 of the Dungeon)

   It protects you from cold.
   It increases your rate of regeneration.
 B - a +0 pair of gloves (worn)
 G - the +2 pair of boots of Wu Jian's Whim (worn) {rC+ MR- rCorr SInv}
   (You acquired it on level 3 of the Vaults)

   It protects you from cold.
   It affects your resistance to hostile enchantments.
   It lets you see invisible.
   It provides partial protection from all sources of acid and corrosion.
 S - a scarf of cloud immunity (worn)
Jewellery
 f - the amulet of the Four Winds (around neck) {rN+ MR+++ Clar}
   (You found it in a Gauntlet)

   [amulet of nothing]

   It protects you from negative energy.
   It affects your resistance to hostile enchantments.
   It protects you against confusion.
 R - the ring "Beroorri" (right hand) {rPois rF+ MR+ Int-5}
   (You found it on level 5 of the Vaults)

   [ring of protection from magic]

   It affects your intelligence (-5).
   It protects you from fire.
   It protects you from poison.
   It affects your resistance to hostile enchantments.
 U - the ring of Qenuvvurch (left hand) {Fire *Corrode rElec MR++ Stlth+}
   (You took it off a vampire on level 13 of the Dungeon)

   [ring of fire]

   It enhances your fire magic.
   It protects you from fire.
   It makes you vulnerable to cold.
   It insulates you from electricity.
   It affects your resistance to hostile enchantments.
   It may corrode you when you take damage.
   It makes you more stealthy.
Wands
 b - a wand of acid (20)
 h - a wand of digging (18)
 v - a wand of scattershot (9)
 x - a wand of flame (41)
 y - a wand of paralysis (28)
 C - a wand of iceblast (32)
 H - a wand of disintegration (46)
 J - a wand of clouds (14)
 P - a wand of polymorph (30)
 X - a wand of enslavement (10)
Scrolls
 i - 20 scrolls of remove curse
 r - 22 scrolls of identify
 t - 22 scrolls of teleportation
 w - a scroll of silence
 z - 9 scrolls of enchant armour
 I - 10 scrolls of blinking
 L - 5 scrolls of enchant weapon
 T - 7 scrolls of fog
 V - 4 scrolls of fear
 Z - 8 scrolls of magic mapping
Potions
 e - a potion of magic
 g - 5 potions of berserk rage
 j - 12 potions of brilliance
 k - 20 potions of curing
 m - 6 potions of agility
 q - 9 potions of haste
 u - 4 potions of lignification
 D - 5 potions of resistance
 F - 7 potions of flight
 K - 7 potions of ambrosia
 N - 4 potions of heal wounds
 Q - 3 potions of might
 W - 7 potions of cancellation
 Y - a potion of invisibility
Miscellaneous
 n - a lamp of fire
 s - a phantom mirror
 E - a lightning rod (4/4)
 O - a phial of floods
Comestibles
 d - 74 rations


   Skills:
 + Level 20.9 Fighting
 - Level 14.0 Polearms
 * Level 22.9 Armour
 + Level 18.1 Dodging
 - Level 10.0 Stealth
 + Level 15.7 Shields
 - Level 12.0 Evocations


You had 24 spell levels left.
You didn't know any spells.
Your spell library was empty.

Dungeon Overview and Level Annotations

Branches:
Dungeon (15/15)            Temple (0/1) D:4            Lair (6/6) D:10
 Shoals (4/4) Lair:2        Snake (4/4) Lair:3        Slime (2/5) Lair:6
    Orc (2/2) D:12            Elf (3/3) Orc:2        Vaults (5/5) D:13
  Crypt (0/3) Vaults:2     Depths (5/5) D:15            Zot (0/5) Depths:5
  IceCv (visited)         Volcano (visited)         Gauntlet (visited)

Altars:
Cheibriados
Kikubaaqudgha
Nemelex Xobeh
Okawaru
Ru
Trog
Vehumet
Xom
Beogh
Jiyva

Shops:
D:4 *   D:6 *   Orc:2 [%=*   Elf:2 [([[}   Shoals:2 *   Vaults:4 (
Vaults:5 [!([=   Depths:1 %   Depths:4 }

Portals:
Hell: Depths:1 Depths:2 Depths:3 Depths:4 Depths:5
Abyss: Depths:3 Depths:4
Pandemonium: Depths:3
Ziggurat: Depths:1

Annotations:
Shoals:4 Ilsuiw
Vaults:2 eruonna's ghost, veteran HOBe
Depths:1 3 runed translucent doors, TheNamelessOne's ghost, journeyman FoFi
Depths:3 3 runed translucent doors, Xahi's ghost, adept TrMo
Depths:5 1 runed translucent door


Innate Abilities, Weirdness & Mutations

You have a pair of large horns on your head.
You have an unnaturally thin skeletal structure. (Dex +6, Stealth++)
Your flesh is cold resistant. (rC+)
You are completely attuned to the shadows.
A frigid envelope surrounds you and freezes all who hurt you.
You regenerate health from kills.
You are immune to freezing clouds.
You are somewhat resistant to further mutation.
You occasionally shout uncontrollably at your foes.
You expend magic power (3 MP) to strengthen your wands.


Message History

The slime creature is lightly wounded.
Two slime creatures merge to form a very large slime creature.
You almost manage to decipher the scroll, but fail in this attempt.
The acid blob hits you but does no damage.
The acid blob is very cold.
The acid blob is lightly wounded.
You block the azure jelly's attack. x2
The azure jelly hits you but does no damage.
The azure jelly resists.
The azure jelly is very cold.
The azure jelly is severely wounded.
The azure jelly misses you.
The very large slime creature completely misses you.
The slime creature hits you.
* * * LOW HITPOINT WARNING * * *
The slime creature is very cold.
The slime creature is lightly wounded.
The acid blob spits acid at you.
The splash of acid hits you but does no damage.
The acid corrodes you!
You are splashed with acid!
You resist.
You die...

## ###.##
##....#
####.J...#
##.##.G@J##
##.....JJJ#..
#............
##..........#
#......#.###
##....####
##.....#
#......# ##
##.....###.##


You could see an acid blob, an azure jelly, an enormous slime creature, a very
large slime creature, a slime creature and a glowing orange brain.

Vanquished Creatures
  Mennas (Vaults:3)
  A juggernaut (Depths:3)
  Boris (twice) (Vaults:2 Depths:1)
  Frederick (Vaults:2)
  Bai Suzhen (Vaults:5)
  The ghost of mantisjm the Hoplite, a veteran HOFi of Qazlal (Vaults:2)
  4 caustic shrikes
  4 golden dragons
  The ghost of agentgt the Warrior, a veteran KoAK of Lugonu (Vaults:2)
  the Enchantress (Depths:1)
  Jorgrun (Elf:2)
  Rupert (Lair:6)
  4 tentacled monstrosities
  6 liches
  3 deep elf blademasters
  2 deep elf master archers (Elf:3)
  6 titans
  Frances (D:13)
  5 acid blobs
  2 krakens (Shoals:3)
  Gastronok (Lair:1)
  4 sphinxes
  Kirke (Shoals:2)
  An acid blob (shapeshifter) (Vaults:5)
  An ancient champion (Vaults:2)
  3 storm dragons
  6 tengu reavers
  10 shadow dragons
  11 nagarajas
  Agnes (Elf:2)
  6 fire giants
  3 azure jellies (Slime:2)
  A draconian monk (Depths:5)
  5 iron dragons
  2 draconian knights (Depths:5)
  24 vault wardens
  2 frost giants
  Aizul (Depths:2)
  5 deep elf sorcerers
  5 orc warlords
  A juggernaut zombie (Depths:4)
  22 ironheart preservers
  6 deep elf elementalists
  19 stone giants
  4 spriggan defenders
  2 reapers
  10 very ugly things
  2 entropy weavers
  7 deep elf demonologists
  2 green draconians
  Azrael (D:13)
  2 black draconians (Depths:5)
  3 purple draconians (Depths:5)
  4 yellow draconians (Depths:5)
  5 dire elephants (Lair:6)
  4 spark wasps
  5 red draconians
  10 deep elf annihilators
  A minotaur (Gauntlet)
  3 white draconians (Depths:5)
  An eidolon (Vaults:2)
  A quicksilver dragon zombie (D:15)
  A crystal guardian (Vaults:5)
  11 ettins
  11 merfolk impalers
  Snorg (D:10)
  A green death (Depths:4)
  13 deep elf death magi
  3 merfolk javelineers
  19 yaktaur captains
  8 deep elf high priests
  6 spriggan air magi
  5 jiangshi
  7 fire dragons
  5 hydras
  6 great orbs of eyes
  16 naga warriors
  Fannar (D:12)
  8 ice dragons
  Erolcha (D:12)
  42 vault guards
  5 merfolk avatars
  6 rakshasas
  2 catoblepae
  2 death knights
  An alligator snapping turtle (Shoals:4)
  5 tengu warriors
  13 ogre magi
  19 anacondas
  41 two-headed ogres
  11 centaur warriors
  9 merfolk aquamancers
  26 dancing weapons
  4 deep troll shamans
  A satyr (Shoals:4)
  A death scarab (Gauntlet)
  7 deep troll earth magi
  4 vampire magi
  14 shock serpents
  5 death yaks
  30 deep elf knights
  21 naga sharpshooters
  A small abomination (Elf:3)
  7 hell knights
  6 spriggan berserkers
  4 spriggans (Depths:1)
  3 large abominations (Elf:3)
  A sun demon (Depths:4)
  5 orc high priests
  2 fire crabs (shapeshifter)
  5 iron trolls (Depths:2)
  5 shadow wraiths
  6 skeletal warriors
  7 salamander mystics
  2 fire crabs (Shoals:3)
  2 unseen horrors (shapeshifter) (Vaults:1)
  8 sea snakes
  20 deep trolls
  4 unseen horrors
  2 glowing orange brains
  A flayed ghost (Depths:3)
  An entropy weaver zombie (Vaults:1)
  2 swamp dragons (Depths:4)
  4 naga ritualists
  15 ironbrand convokers
  A lindwurm (shapeshifter) (Vaults:5)
  A phantasmal warrior (Vaults:5)
  A sphinx zombie (D:15)
  5 necromancers
  7 wizards
  16 mana vipers
  5 lindwurms
  13 deep elf archers
  18 orc knights
  An orb spider (shapeshifter) (Depths:1)
  A harpy (shapeshifter) (Depths:4)
  4 orc sorcerers
  13 harpies
  11 fauns
  76 deep elf magi
  2 frost giant zombies
  15 salamanders
  37 ugly things
  A moth of wrath (Gauntlet)
  2 tengu skeletons
  7 cyclopes
  15 manticores
  10 elephants
  6 wolf spiders
  10 guardian serpents
  2 ice statues (IceCv)
  27 naga magi
  5 merfolk sirens
  An elf zombie (Depths:4)
  7 water nymphs
  11 vault sentinels
  5 centaur skeletons
  5 spectral swamp worms (Depths:1)
  5 gargoyles
  9 spiny frogs
  A spiny frog (shapeshifter) (Depths:3)
  A yaktaur zombie (D:15)
  A spriggan skeleton (Depths:4)
  41 black mambas
  2 rime drakes (Lair:5)
  3 kobold demonologists
  5 freezing wraiths
  44 yaktaurs
  9 ice devils (IceCv)
  A hellwing (Gauntlet)
  A human skeleton (Vaults:1)
  A redback zombie (D:15)
  6 komodo dragons
  3 meliai (D:13)
  32 merfolk
  2 tengu conjurers (D:13)
  A jumping spider (shapeshifter) (D:15)
  8 trolls
  3 wind drakes
  3 hornets
  40 slime creatures
  3 blink frogs (Lair:5)
  A hippogriff (shapeshifter) (Vaults:4)
  11 hippogriffs
  A meliai zombie (D:15)
  6 snapping turtles
  6 dream sheep (Shoals:4)
  A snapping turtle (shapeshifter) (Vaults:5)
  2 air elementals
  A redback (shapeshifter) (Elf:2)
  A tarantella (shapeshifter) (Vaults:4)
  19 water elementals
  2 spriggans (shapeshifter)
  2 shadows
  A tarantella (Vaults:4)
  2 centaur simulacra
  4 redbacks
  57 yaks
  2 fire bats (Shoals:3)
  5 vampires
  A spectral komodo dragon (Gauntlet)
  A basilisk (shapeshifter) (Vaults:5)
  4 hogs
  A human (D:9)
  6 wyverns
  Grum (D:8)
  5 golden eyes (Slime:1)
  9 fire elementals
  6 basilisks
  A steam dragon (D:11)
  9 vampire mosquitoes
  A yaktaur simulacrum (Vaults:2)
  A warg (shapeshifter) (Vaults:1)
  4 hungry ghosts
  57 nagas
  11 wargs
  3 soldier ants
  5 acid dragons
  13 water moccasins
  2 hell hounds (D:13)
  2 hornet zombies
  12 porcupines
  70 orc warriors
  An eye of draining (Slime:1)
  An ice beast (D:15)
  4 sky beasts
  36 ogres
  4 black bears
  11 wolves
  4 phantoms
  5 boggarts
  26 centaurs
  2 necrophages
  An elf simulacrum (Vaults:1)
  15 crocodiles
  2 gnoll sergeants
  8 big kobolds
  16 bullfrogs
  A wyvern zombie (D:13)
  2 earth elementals (Elf:2)
  A scorpion (shapeshifter) (Vaults:5)
  6 scorpions
  2 troll zombies (D:12)
  A killer bee (shapeshifter) (Depths:1)
  20 wights
  7 howler monkeys
  3 bullfrog zombies
  8 crimson imps
  2 quasits (D:13)
  An iron imp (Depths:4)
  6 jellies
  A jelly (shapeshifter) (Depths:2)
  2 centaur zombies
  20 orc priests
  7 hounds
  27 orc wizards
  12 worker ants
  4 yak simulacra (D:14)
  A polar bear simulacrum (D:14)
  3 wolf simulacra (D:14)
  4 ogre zombies (D:12)
  A hound zombie (D:9)
  A hound skeleton (D:7)
  10 gnolls
  2 howler monkey skeletons
  8 adders
  18 white imps
  9 ufetubi (IceCv)
  An ooze (D:1)
  An adder skeleton (D:6)
  3 worms
  2 dart slugs (D:1)
  5 leopard geckos
  138 orcs
  6 bats
  4 giant cockroaches
  5 goblins
  14 hobgoblins
  16 jackals
  7 quokkas
  2 ball pythons
  6 frilled lizards
  A hobgoblin skeleton (D:12)
  A hobgoblin zombie (D:12)
  A jackal skeleton (D:4)
  82 kobolds
  A leopard gecko skeleton (D:6)
  2 orc skeletons (D:12)
  15 orc zombies (D:12)
  A quokka skeleton (D:5)
  A quokka zombie (D:6)
  10 rats
  3 river rat simulacra (D:14)
  A crawling corpse (Elf:3)
  4 plants
  7 tentacles (Shoals:3)
2342 creatures vanquished.

Vanquished Creatures (collateral kills)
  2 wolves (D:8)
2 creatures vanquished.

Vanquished Creatures (others)
  Nikola (Shoals:2)
  A vampire mage (Depths:1)
  4 white imps (IceCv)
  3 ufetubi (IceCv)
  An orc (D:7)
  7 fungi
  15 plants
  6 tentacles (Shoals:3)
  8 withered plants
46 creatures vanquished.

Grand Total: 2390 creatures vanquished

Notes
Turn   | Place    | Note
-------+----------+-------------------------------------------
     0 | D:1      | Iamsoldier the Demonspawn Berserker began the quest for the
                  | Orb.
     0 | D:1      | Reached XP level 1. HP: 18/18 MP: 1/1
   105 | D:1      | Gained mutation: You have a somewhat thin skeletal
                  | structure. (Dex +2, Stealth) [demonic ancestry]
   105 | D:1      | Reached XP level 2. HP: 24/24 MP: 2/2
   126 | D:1      | Reached skill level 2 in Armour
   640 | D:1      | Reached XP level 3. HP: 29/29 MP: 3/3
  1054 | D:2      | Reached ** piety under Trog
  1530 | D:2      | Gained mutation: You are slightly more attuned to the
                  | shadows. [demonic ancestry]
  1530 | D:2      | Reached XP level 4. HP: 26/35 MP: 4/4
  2486 | D:4      | Found a shimmering altar of Xom.
  2502 | D:4      | Found Minwuxou's General Store.
  2769 | D:4      | Bought a potion of might for 52 gold pieces
  2769 | D:4      | Bought a scroll of teleportation for 39 gold pieces
  2769 | D:4      | Bought a scroll of teleportation for 39 gold pieces
  2800 | D:4      | Gained mutation: You have a pair of small horns on your
                  | head. [demonic ancestry]
  2800 | D:4      | Reached XP level 5. HP: 42/42 MP: 5/5
  3172 | D:4      | Found a staircase to the Ecumenical Temple.
  3389 | D:4      | Reached skill level 3 in Armour
  3389 | D:4      | Gained mutation: You have a moderately thin skeletal
                  | structure. (Dex +4, Stealth+) [demonic ancestry]
  3389 | D:4      | Reached XP level 6. HP: 46/48 MP: 6/6
  3444 | D:5      | Entered Level 5 of the Dungeon
  3551 | D:5      | Noticed a sky beast
  3569 | D:5      | Killed a sky beast
  4098 | D:5      | Reached *** piety under Trog
  4266 | D:5      | Reached skill level 5 in Polearms
  4266 | D:5      | Reached XP level 7. HP: 52/55 MP: 7/7
  4537 | D:5      | Reached **** piety under Trog
  5214 | D:6      | Reached skill level 4 in Armour
  5304 | D:6      | Reached skill level 5 in Fighting
  5304 | D:6      | Gained mutation: You have an unnaturally thin skeletal
                  | structure. (Dex +6, Stealth++) [demonic ancestry]
  5304 | D:6      | Reached XP level 8. HP: 25/62 MP: 3/8
  5509 | D:6      | Found Asin's Elemental Accessories.
  5530 | D:6      | Bought a wand of iceblast (7) for 132 gold pieces
  7294 | D:8      | Noticed a hippogriff
  7301 | D:8      | Killed a hippogriff
  7301 | D:8      | Reached skill level 5 in Armour
  7301 | D:8      | Reached skill level 5 in Dodging
  7308 | D:8      | Found a sparkling altar of Nemelex Xobeh.
  7309 | D:8      | Found an iron altar of Okawaru.
  7310 | D:8      | Found a snail-covered altar of Cheibriados.
  7310 | D:8      | Found a sacrificial altar of Ru.
  7318 | D:8      | Noticed Grum
  7331 | D:8      | Reached XP level 9. HP: 22/69 MP: 1/9
  7342 | D:8      | Killed Grum
  7735 | D:8      | Noticed a purple ugly thing
  7745 | D:8      | Killed a purple ugly thing
  7901 | D:8      | Got a twisted shield
  7906 | D:8      | Identified the +5 shield "Avocserra" {rC+ Regen+} (You
                  | found it on level 8 of the Dungeon)
  7967 | D:8      | Reached skill level 1 in Shields
  8260 | D:8      | Reached skill level 6 in Armour
  8838 | D:9      | Reached XP level 10. HP: 77/77 MP: 10/10
  8881 | D:9      | Noticed a two-headed ogre
  8889 | D:9      | Killed a two-headed ogre
  9179 | D:9      | Reached ***** piety under Trog
  9335 | D:9      | Noticed a two-headed ogre
  9340 | D:9      | Killed a two-headed ogre
  9532 | D:9      | Reached skill level 5 in Shields
  9672 | D:10     | Entered Level 10 of the Dungeon
  9760 | D:10     | Found a staircase to the Lair.
  9815 | D:10     | Reached skill level 10 in Polearms
  9815 | D:10     | Gained mutation: You regenerate a little health from kills.
                  | [demonic ancestry]
  9815 | D:10     | Reached XP level 11. HP: 86/86 MP: 11/11
  9830 | D:10     | Reached skill level 7 in Armour
  9876 | D:10     | Received a gift from Trog
 10007 | D:10     | Noticed Snorg
 10032 | D:10     | Killed Snorg
 10938 | D:11     | Noticed a cyan ugly thing
 10946 | D:11     | Killed a cyan ugly thing
 11647 | D:11     | Noticed a brown ugly thing
 11659 | D:11     | Killed a brown ugly thing
 11795 | D:11     | Gained mutation: You have a pair of horns on your head.
                  | [demonic ancestry]
 11795 | D:11     | Reached XP level 12. HP: 94/94 MP: 12/12
 12132 | D:12     | Noticed a two-headed ogre
 12138 | D:12     | Killed a two-headed ogre
 12138 | D:12     | Reached skill level 8 in Armour
 12165 | D:12     | Received a gift from Trog
 12212 | D:12     | Noticed Fannar
 12254 | D:12     | Killed Fannar
 12339 | D:12     | Found a staircase to the Orcish Mines.
 12419 | D:12     | Noticed Erolcha
 12431 | D:12     | Killed Erolcha
 12530 | D:12     | Found a snail-covered altar of Cheibriados.
 12847 | D:12     | Found a bloodstained altar of Trog.
 13006 | D:12     | Received a gift from Trog
 13010 | D:12     | Identified the +10 trident "Rasas" {flame, *Corrode rC+
                  | Int+2 SInv} (Trog gifted it to you on level 12 of the
                  | Dungeon)
 13085 | Lair:1   | Entered Level 1 of the Lair of Beasts
 13161 | Lair:1   | Noticed Gastronok
 13176 | Lair:1   | Killed Gastronok
 13901 | Lair:2   | Found a frozen archway.
 13938 | IceCv    | Entered an ice cave
 14134 | IceCv    | Gained mutation: You have a pair of large horns on your
                  | head. [demonic ancestry]
 14134 | IceCv    | Reached XP level 13. HP: 99/103 MP: 13/13
 14146 | IceCv    | Noticed a reaper
 14159 | IceCv    | Killed a reaper
 14159 | IceCv    | Reached skill level 10 in Fighting
 14159 | IceCv    | Reached skill level 9 in Armour
 14337 | Lair:2   | Reached skill level 10 in Shields
 14339 | Lair:2   | Received a gift from Trog
 14610 | Lair:2   | Found a staircase to the Shoals.
 15260 | Lair:3   | Found a staircase to the Snake Pit.
 15294 | Lair:3   | Reached ****** piety under Trog
 15404 | Lair:3   | You fall into a shaft and drop 3 floors!
 15404 | Lair:6   | Entered Level 6 of the Lair of Beasts
 15444 | Lair:6   | Noticed Rupert
 15456 | Lair:6   | Killed Rupert
 15673 | Lair:6   | Found a viscous altar of Jiyva.
 15674 | Lair:6   | Found a staircase to the Slime Pits.
 16142 | Lair:5   | Found a dark tunnel.
 16161 | Volcano  | Entered a volcano
 16249 | Volcano  | Noticed a red draconian
 16264 | Volcano  | Killed a red draconian
 16271 | Volcano  | Reached skill level 10 in Armour
 16271 | Volcano  | Gained mutation: You are significantly more attuned to the
                  | shadows. [demonic ancestry]
 16271 | Volcano  | Reached XP level 14. HP: 90/113 MP: 11/14
 16319 | Volcano  | Received a gift from Trog
 18886 | Lair:6   | Identified a +1 pair of boots of running (You found it on
                  | level 6 of the Lair of Beasts)
 19595 | Orc:1    | Entered Level 1 of the Orcish Mines
 19720 | Orc:1    | Received a gift from Trog
 19762 | Orc:1    | Gained mutation: You have very sharp teeth. [a neqoxec]
 20187 | Orc:2    | Entered Level 2 of the Orcish Mines
 20189 | Orc:2    | Found a gate leading to a gauntlet.
 20232 | Gauntlet | Entered a Gauntlet
 20232 | Gauntlet | Found a transporter.
 20234 | Gauntlet | Found a transporter.
 20238 | Gauntlet | Found the amulet of the Four Winds {rN+ MR+++ Clar}
 20238 | Gauntlet | Found a transporter.
 20238 | Gauntlet | Found a transporter.
 20241 | Gauntlet | Found a transporter.
 20241 | Gauntlet | Found a transporter.
 20275 | Gauntlet | Found a transporter.
 20278 | Gauntlet | Found a transporter.
 20297 | Gauntlet | Found a transporter.
 20305 | Gauntlet | Noticed a reaper
 20306 | Gauntlet | Found a transporter.
 20321 | Gauntlet | Found a transporter.
 20326 | Gauntlet | Found a runed translucent door.
 20407 | Gauntlet | Found a transporter.
 20520 | Gauntlet | Killed a reaper
 20599 | Gauntlet | Identified the +6 arbalest "Spiderslayer" {speed, rPois MR+
                  | Str+4}
 20660 | Orc:2    | Noticed an orc warlord
 20680 | Orc:2    | Killed an orc warlord
 20754 | Orc:2    | Received a gift from Trog
 20754 | Orc:2    | Gained mutation: You are completely attuned to the shadows.
                  | [demonic ancestry]
 20754 | Orc:2    | Reached XP level 15. HP: 101/120 MP: 15/15
 20857 | Orc:2    | Found Vuth's Jewellery Shop.
 20972 | Orc:2    | Reached skill level 11 in Armour
 21041 | Orc:2    | Found a roughly hewn altar of Beogh.
 21181 | Orc:2    | Found Saff's Food Shoppe.
 21234 | Orc:2    | Found a staircase to the Elven Halls.
 21350 | Orc:2    | Found Biott's General Store.
 21355 | Orc:2    | Bought a potion of heal wounds for 60 gold pieces
 21355 | Orc:2    | Bought a potion of mutation for 96 gold pieces
 21355 | Orc:2    | Bought a scroll of enchant weapon for 90 gold pieces
 21355 | Orc:2    | Bought a potion of haste for 120 gold pieces
 21414 | Orc:2    | Found Yffuw's Antique Armour Shop.
 21420 | Orc:2    | Bought a glowing scarf for 248 gold pieces
 21673 | D:13     | Noticed Frances
 21680 | D:13     | Killed Frances
 22098 | D:13     | Noticed Azrael
 22117 | D:13     | Killed Azrael
 22504 | D:13     | Identified the ring of Qenuvvurch {Fire *Corrode rElec MR++
                  | Stlth+}
 22505 | D:13     | Identified the +8 dagger of the Evening {speed, rElec rF+
                  | Int-2 Dex+4}
 22516 | D:13     | Received a gift from Trog
 23405 | D:13     | Found a gate to the Vaults.
 23661 | D:14     | Reached skill level 1 in Evocations
 23781 | D:14     | Received a gift from Trog
 23966 | D:14     | Reached XP level 16. HP: 119/130 MP: 17/17
 24316 | D:15     | Entered Level 15 of the Dungeon
 24360 | D:15     | Found a staircase to the Depths.
 24447 | D:15     | Reached skill level 12 in Armour
 24517 | D:15     | Got a fine jade amulet
 24613 | D:15     | Received a gift from Trog
 24809 | D:15     | Reached skill level 15 in Shields
 24913 | D:15     | Found an ancient bone altar of Kikubaaqudgha.
 25530 | Shoals:1 | Entered Level 1 of the Shoals
 25804 | Shoals:1 | Reached skill level 5 in Evocations
 26596 | Shoals:2 | Noticed Nikola
 26613 | Shoals:2 | Killed Nikola
 26854 | Shoals:2 | Noticed Kirke
 26873 | Shoals:2 | Killed Kirke
 27097 | Shoals:2 | Found Voggamm's Assorted Antiques.
 27102 | Shoals:2 | Bought a potion of curing for 114 gold pieces
 27102 | Shoals:2 | Bought a scroll of magic mapping for 133 gold pieces
 27102 | Shoals:2 | Bought a scroll of enchant weapon for 285 gold pieces
 27154 | Shoals:2 | Received a gift from Trog
 27888 | Shoals:3 | Gained mutation: Your flesh is cold resistant. (rC+)
                  | [demonic ancestry]
 27888 | Shoals:3 | Reached XP level 17. HP: 139/139 MP: 21/21
 28116 | Shoals:3 | Noticed a kraken
 28137 | Shoals:3 | Killed a kraken
 28225 | Shoals:3 | Noticed a kraken
 28262 | Shoals:3 | Killed a kraken
 28725 | Shoals:4 | Entered Level 4 of the Shoals
 28981 | Shoals:4 | Reached skill level 13 in Armour
 29016 | Shoals:4 | Received a gift from Trog
 29432 | Shoals:4 | Received a gift from Trog
 29571 | Shoals:4 | Identified the +5 rapier of the Evil Eye {drain, rC+ Dex+7}
 30031 | Shoals:4 | Noticed Ilsuiw
 30806 | Shoals:4 | Got a barnacled rune of Zot
 30812 | Shoals:4 | Gained mutation: You are frail. (-10% HP) [potion of
                  | mutation]
 30812 | Shoals:4 | Gained mutation: You passively map a small area around you.
                  | [potion of mutation]
 30813 | Shoals:4 | Lost mutation: You are frail. (-10% HP) [potion of
                  | mutation]
 30813 | Shoals:4 | Lost mutation: You have very sharp teeth. [potion of
                  | mutation]
 30813 | Shoals:4 | Lost mutation: You passively map a small area around you.
                  | [potion of mutation]
 30813 | Shoals:4 | Gained mutation: You are frail. (-10% HP) [potion of
                  | mutation]
 30813 | Shoals:4 | Gained mutation: You are clumsy. (Dex -2) [potion of
                  | mutation]
 30813 | Shoals:4 | Gained mutation: You expend magic power (3 MP) to
                  | strengthen your wands. [potion of mutation]
 30814 | Shoals:4 | Lost mutation: You are frail. (-10% HP) [potion of
                  | mutation]
 30814 | Shoals:4 | Lost mutation: You are clumsy. (Dex -2) [potion of
                  | mutation]
 30814 | Shoals:4 | Gained mutation: You are robust. (+10% HP) [potion of
                  | mutation]
 30814 | Shoals:4 | Lost mutation: You are robust. (+10% HP) [potion of
                  | mutation]
 30814 | Shoals:4 | Gained mutation: You are somewhat resistant to further
                  | mutation. [potion of mutation]
 31065 | Vaults:1 | Entered Level 1 of the Vaults
 31423 | Vaults:1 | Received a gift from Trog
 31477 | Vaults:1 | Reached skill level 10 in Dodging
 31696 | Vaults:1 | Reached XP level 18. HP: 136/148 MP: 19/24
 31876 | Vaults:1 | Reached skill level 1 in Stealth
 32302 | Vaults:1 | Reached skill level 15 in Fighting
 32929 | Vaults:2 | Received a gift from Trog
 33049 | Vaults:2 | Noticed an Ice Fiend
 33145 | Vaults:2 | Reached skill level 5 in Stealth
 33199 | Vaults:2 | Noticed Boris
 33236 | Vaults:2 | Killed Boris
 33417 | Vaults:2 | Noticed Frederick
 33431 | Vaults:2 | Killed Frederick
 33431 | Vaults:2 | Reached skill level 14 in Armour
 33763 | Vaults:2 | Received a gift from Trog
 34212 | Vaults:2 | Gained mutation: You regenerate health from kills. [demonic
                  | ancestry]
 34212 | Vaults:2 | Reached XP level 19. HP: 128/155 MP: 25/25
 34320 | Vaults:2 | Found a staircase to the Crypt.
 34324 | Vaults:2 | Found a runed translucent gate.
 34325 | Vaults:2 | Found a runed translucent gate.
 34326 | Vaults:2 | Found a runed translucent gate.
 34326 | Vaults:2 | Noticed agentgt's ghost (veteran KoAK)
 34329 | Vaults:2 | Noticed mantisjm's ghost (veteran HOFi)
 34332 | Vaults:2 | Noticed eruonna's ghost (veteran HOBe)
 35091 | Vaults:2 | Killed agentgt's ghost
 35197 | Vaults:2 | HP: 3/155 [mantisjm's ghost (28)]
 35227 | Vaults:2 | Killed mantisjm's ghost
 35233 | Vaults:2 | HP: 7/155 [poisoned by mantisjm's ghost]
 35238 | Vaults:2 | HP: 6/155 [poisoned by mantisjm's ghost]
 35243 | Vaults:2 | HP: 4/155 [poisoned by mantisjm's ghost]
 35249 | Vaults:2 | HP: 4/155 [poisoned by mantisjm's ghost]
 35254 | Vaults:2 | HP: 5/155 [poisoned by mantisjm's ghost]
 35260 | Vaults:2 | HP: 6/155 [poisoned by mantisjm's ghost]
 35643 | Vaults:2 | Got a bound glass ring
 35661 | Vaults:2 | Identified a scroll of acquirement
 35662 | Vaults:2 | Identified the ring of Entrepreneurial Spirit {rPois rCorr}
                  | (You found it on level 2 of the Vaults)
 35751 | Vaults:3 | Received a gift from Trog
 35803 | Vaults:3 | Identified the +2 pair of boots of Wu Jian's Whim {rC+ MR-
                  | rCorr SInv} (You acquired it on level 3 of the Vaults)
 36338 | Vaults:3 | Noticed Mennas
 36372 | Vaults:3 | Killed Mennas
 36666 | Vaults:3 | Received a gift from Trog
 36702 | Vaults:3 | Reached skill level 15 in Armour
 37339 | Vaults:3 | Reached XP level 20. HP: 161/164 MP: 26/26
 37973 | Snake:1  | Entered Level 1 of the Snake Pit
 38652 | Snake:1  | Received a gift from Trog
 39550 | Snake:3  | Reached skill level 10 in Evocations
 39773 | Snake:3  | Reached skill level 16 in Armour
 40437 | Snake:3  | Received a gift from Trog
 40558 | Snake:4  | Entered Level 4 of the Snake Pit
 40923 | Snake:4  | Reached skill level 10 in Stealth
 40931 | Snake:4  | Received a gift from Trog
 40958 | Snake:4  | Gained mutation: You are immune to freezing clouds.
                  | [demonic ancestry]
 40958 | Snake:4  | Reached XP level 21. HP: 134/173 MP: 14/28
 41188 | Snake:4  | Got a serpentine rune of Zot
 41713 | Snake:4  | Reached skill level 17 in Armour
 41974 | Snake:4  | Received a gift from Trog
 42745 | Vaults:4 | Found Quxkoumi's Weapon Shoppe.
 43194 | Vaults:4 | Received a gift from Trog
 44049 | Vaults:5 | Entered Level 5 of the Vaults
 44077 | Vaults:5 | Received a gift from Trog
 44106 | Vaults:5 | Identified the +1 trident of Accord {pierce, Dex+5} (Trog
                  | gifted it to you on level 5 of the Vaults)
 44150 | Vaults:5 | Reached skill level 18 in Armour
 44602 | Vaults:5 | Reached XP level 22. HP: 183/183 MP: 29/29
 44839 | Vaults:5 | Reached skill level 15 in Dodging
 44872 | Vaults:5 | Received a gift from Trog
 44891 | Vaults:5 | Gained mutation: You occasionally shout uncontrollably at
                  | your foes. [mutagenic glow]
 45466 | Vaults:5 | Got a vibrating platinum ring
 45674 | Vaults:5 | Found the +3 crown of Dyrovepreva {rElec Int+2 SInv}
 45679 | Vaults:5 | Got a silver rune of Zot
 45765 | Vaults:5 | Noticed a golden dragon
 45780 | Vaults:5 | Killed a golden dragon
 45780 | Vaults:5 | Reached skill level 19 in Armour
 45828 | Vaults:5 | Received a gift from Trog
 46016 | Vaults:5 | Noticed Bai Suzhen
 46034 | Vaults:5 | Killed Bai Suzhen
 46094 | Vaults:5 | HP: 6/185 [shadow dragon/bolt of negative energy (23)]
 46481 | Vaults:5 | Found Viqasig's Jewellery Shop.
 46487 | Vaults:5 | Found Vaceolui's Antique Weapon Shoppe.
 46516 | Vaults:5 | Found Zenkail's Antique Armour Shoppe.
 46518 | Vaults:5 | Found Tiengah's Distillery.
 46522 | Vaults:5 | Found Eroy's Armour Shoppe.
 46525 | Vaults:5 | Bought a potion of heal wounds for 105 gold pieces
 46525 | Vaults:5 | Bought 2 potions of curing for 126 gold pieces
 46525 | Vaults:5 | Bought a potion of might for 84 gold pieces
 46525 | Vaults:5 | Bought a potion of agility for 84 gold pieces
 46525 | Vaults:5 | Bought a potion of lignification for 63 gold pieces
 46525 | Vaults:5 | Bought a potion of ambrosia for 168 gold pieces
 46810 | Vaults:5 | Reached XP level 23. HP: 190/192 MP: 30/30
 47150 | Elf:1    | Entered Level 1 of the Elven Halls
 47180 | Elf:1    | Found a radiant altar of Vehumet.
 47286 | Elf:1    | Received a gift from Trog
 47399 | Elf:1    | Found a radiant altar of Vehumet.
 47641 | Elf:1    | Identified Yduynoev's Papyrus of the Entourage
 47910 | Elf:2    | Found Usunitem's Armour Shoppe.
 47915 | Elf:2    | Noticed Jorgrun
 47923 | Elf:2    | Killed Jorgrun
 47991 | Elf:2    | Found Ilogg's Antique Armour Boutique.
 48046 | Elf:2    | Found a huge runed translucent gate.
 48047 | Elf:2    | Found a huge runed translucent gate.
 48048 | Elf:2    | Found a huge runed translucent gate.
 48049 | Elf:2    | Found a huge runed translucent gate.
 48050 | Elf:2    | Found a huge runed translucent gate.
 48161 | Elf:2    | Found Plog's Gadget Emporium.
 48166 | Elf:2    | Bought a wand of acid (4) for 288 gold pieces
 48166 | Elf:2    | Bought a wand of iceblast (7) for 198 gold pieces
 48177 | Elf:2    | Identified the ring "Beroorri" {rPois rF+ MR+ Int-5} (You
                  | found it on level 5 of the Vaults)
 48357 | Elf:2    | Found Feown's Antique Weapon Emporium.
 48390 | Elf:2    | Received a gift from Trog
 48416 | Elf:2    | Found Ewyd's Armour Emporium.
 48464 | Elf:2    | Reached skill level 20 in Armour
 48937 | Elf:2    | Noticed Agnes
 48946 | Elf:2    | Killed Agnes
 49126 | Elf:3    | Entered Level 3 of the Elven Halls
 49195 | Elf:3    | Received a gift from Trog
 49934 | Elf:3    | Identified the +5 lajatang of Monebb {freeze, +Inv rPois
                  | Int-2 Dex+9}
 49937 | Elf:3    | Identified the +6 war axe of Oozing Pus {freeze, +Inv MP+9}
 49944 | Elf:3    | Received a gift from Trog
 50143 | Elf:3    | Identified the ring "Keihoh" {+Fly rF+}
 50325 | Elf:3    | Got a pitted ivory ring
 50346 | Elf:3    | Identified the ring "Gesiusang" {rPois Str+3} (You found it
                  | on level 3 of the Elven Halls)
 50347 | Elf:3    | Identified the +2 pair of boots of Serendipity {rF+ Str+4}
                  | (You found it on level 3 of the Elven Halls)
 50690 | Depths:1 | Entered Level 1 of the Depths
 51790 | Depths:1 | Noticed the Enchantress
 51849 | Depths:1 | Killed the Enchantress
 52038 | Depths:1 | Found a runed translucent gate.
 52039 | Depths:1 | Found a runed translucent gate.
 52040 | Depths:1 | Found a runed translucent gate.
 52044 | Depths:1 | Noticed TheNamelessOne's ghost (journeyman FoFi)
 52104 | Depths:1 | Found a gateway to Hell.
 52166 | Depths:1 | Found a gateway to a ziggurat.
 52175 | Depths:1 | Gained mutation: A frigid envelope surrounds you and
                  | freezes all who hurt you. [demonic ancestry]
 52175 | Depths:1 | Reached XP level 24. HP: 201/202 MP: 29/31
 52188 | Depths:1 | Noticed Boris
 52205 | Depths:1 | Killed Boris
 52545 | Depths:1 | Found Osoydeaz's Food Shop.
 52586 | Depths:1 | Found a runed translucent door.
 52735 | Depths:1 | Found a roughly hewn altar of Beogh.
 52750 | Depths:1 | Identified the +0 pair of boots of Gluttony {Str-2 Int+6
                  | Dex-5} (You found it on level 1 of the Depths)
 53052 | Depths:2 | Received a gift from Trog
 53236 | Depths:2 | Reached skill level 21 in Armour
 53777 | Depths:2 | Noticed Aizul
 53793 | Depths:2 | Killed Aizul
 53870 | Depths:2 | Identified the Guide on Transmutation
 54424 | Depths:3 | Found a one-way gate leading to the halls of Pandemonium.
 54532 | Depths:3 | Found a flickering gateway to a bazaar.
 54534 | Depths:3 | Found a one-way gate to the infinite horrors of the Abyss.
 54538 | Bazaar   | Entered a bazaar
 54571 | Bazaar   | Found Sepraoc's Armour Emporium.
 54608 | Bazaar   | Found Xiyth's Gadget Emporium.
 54608 | Bazaar   | Found Godud's Distillery.
 54615 | Bazaar   | Bought a wand of digging (5) for 270 gold pieces
 54621 | Bazaar   | Bought a potion of curing for 36 gold pieces
 54621 | Bazaar   | Bought a potion of invisibility for 96 gold pieces
 54621 | Bazaar   | Bought a potion of might for 48 gold pieces
 54621 | Bazaar   | Bought a potion of ambrosia for 96 gold pieces
 54621 | Bazaar   | Bought a potion of haste for 120 gold pieces
 54621 | Bazaar   | Bought a potion of curing for 36 gold pieces
 54621 | Bazaar   | Bought a potion of curing for 36 gold pieces
 54674 | Depths:3 | Received a gift from Trog
 54724 | Depths:3 | Found a runed translucent gate.
 54739 | Depths:3 | Found a runed translucent gate.
 54739 | Depths:3 | Noticed Xahi's ghost (adept TrMo)
 54740 | Depths:3 | Found a runed translucent gate.
 55173 | Depths:3 | Noticed a juggernaut
 55190 | Depths:3 | Killed a juggernaut
 55343 | Depths:3 | Identified the Papyrus of the Lamprey
 55367 | Depths:3 | Received a gift from Trog
 55561 | Depths:3 | Reached XP level 25. HP: 147/211 MP: 32/32
 56409 | Depths:4 | Found Zujiam's Gadget Shoppe.
 56413 | Depths:4 | Bought a wand of acid (4) for 272 gold pieces
 56554 | Depths:4 | Reached skill level 22 in Armour
 56946 | Depths:4 | Found a snail-covered altar of Cheibriados.
 57089 | Depths:4 | Found a large runed translucent door.
 57090 | Depths:4 | Found a large runed translucent door.
 57138 | Depths:4 | Received a gift from Trog
 57551 | Depths:4 | Identified the Collected Works on Frigorific Dark Rituals
 57859 | Depths:5 | Entered Level 5 of the Depths
 58729 | Depths:5 | Received a gift from Trog
 59007 | Depths:5 | Found a runed translucent door.
 59010 | Depths:5 | Found a runed translucent door.
 59152 | Depths:5 | Found a runed translucent door.
 59159 | Depths:5 | Found a runed translucent door.
 59347 | Depths:5 | Found a gate to the Realm of Zot.
 59458 | Depths:5 | Found a runed translucent door.
 59458 | Depths:5 | Found a runed translucent door.
 59961 | Slime:1  | Entered Level 1 of the Pits of Slime
 60364 | Slime:2  | Received a gift from Trog
 60365 | Slime:2  | Lost intelligence.
 60445 | Slime:1  | HP: 8/213 [acid blob[a glowing orange brain] (28)]
 60446 | Slime:1  | HP: 3/213 [slime creature (5)]
 60446 | Slime:1  | Splashed by an acid blob's acid

Levels and vault maps discovered:
D:1:      minmay_arrival_five_plusses, layout_basic, minmay_nonomino_d4
D:2:      layout_basic
D:3:      layout_rooms, first_ration
D:4:      layout_layer_cave, minmay_temple_entry_fiery, serial_shops,
          nicolae_shop_competitors_out_of_business,
          chequers_serial_rivers_micro_e, xom_teletrap_fun
D:5:      minmay_goblin_kobold_castle, layout_basic
D:6:      layout_rooms, nicolae_zen_rock_garden, nicolae_elemental_shop
D:7:      layout_loops_ring, serial_glass, glass_columns_a, glass_columns_b
D:8:      layout_loops_ring, chequers_temple_overflow_statue_of_worship,
          uniq_grum
D:9:      layout_loops_corners, grunt_livestock, grunt_ministairs_2,
          fungi_pond_lemuel, minmay_unpleasant_kobolds
D:10:     layout_loops_ring, minmay_lair_entry_grove,
          chequers_serial_rivers_small_a, minivault_27, palyth_stone_intersect,
          uniq_snorg
D:11:     layout_stronghold
D:12:     layout_basic, zombieorc1_lemuel, basic_altar, bloody_trog,
          uniq_fannar, uniq_erolcha
D:13:     minmay_the_grid_octo_tiled_squarecenter
          [minmay_the_grid_octo_fat_diamond, minmay_the_grid_octo_pinwheel,
          minmay_the_grid_octo_checkerflower, minmay_the_grid_octo_teeth,
          minmay_the_grid_square_5x5_megaprize_open,
          minmay_the_grid_square_5x5_eight_small,
          minmay_the_grid_square_5x5_checkered_statues,
          minmay_the_grid_square_5x5_two_walls_a,
          minmay_the_grid_square_5x5_inset], layout_stronghold, david_vaults_4,
          argonaut_gorgonesque, uniq_azrael, uniq_frances
D:14:     layout_cave_pools, minmay_misc_feat_alley, kennysheep_small_spiral,
          eino_house_with_fridge
D:15:     gammafunk_depths_entry_grave, layout_loops_ring, basic_altar,
          nicolae_two_hexagons
Lair:1:   layout_cave_pods, uniq_gastronok
Lair:2:   layout_chaotic_city, minmay_shoals_entry_lonely_mermaid,
          portal_ice_cave_entry_imps, grunt_megastairs_3
Lair:3:   layout_cave_pods, guppyfry_snake_entry_garden, serial_bayou_crossing
Lair:4:   layout_loops_ring, st_stairs_11
Lair:5:   layout_misc_corridors, nicolae_volcano_entry_vermiform, st_stairs_8,
          minivault_27, nicolae_lair_yak_garden
Lair:6:   due_jungle_book, layout_loops_ring, dpeg_slime_entry_enclosed_altar,
          uniq_rupert
Shoals:1: layout_shoals
Shoals:2: layout_shoals, serial_shops, nicolae_shop_waterfront, uniq_nikola,
          uniq_kirke
Shoals:3: layout_shoals, nicolae_shoals_stone_sculpture_thing,
          hangedman_shoal_volcano
Shoals:4: shoals_end_hangedman, layout_shoals, shoals_ilsuiw_alternative,
          nicolae_shoals_arrival_archipelago
Snake:1:  kennysheep_snake, layout_misc_corridors
Snake:2:  layout_onion_interference
Snake:3:  layout_cave_town, grunt_megastairs_4
Snake:4:  snake_pit_salamanders_mu, layout_cave_town, serial_bayou_shore_b
Slime:1:  cheibrodos_slime_lost_civilization_1, layout_caves
Slime:2:  layout_caves, cheibrodos_slime_lost_civilization_4
Orc:1:    layout_caves
Orc:2:    st_orc_town, layout_caves, gauntlet_entry_generic, rock_pile
Elf:1:    eino_elf_arrival_altar, layout_rooms, basic_altar,
          minmay_elf_demonology
Elf:2:    layout_onion_city, serial_shops, nicolae_shop_waterfront, shop,
          nicolae_shop_crystal, shop, shop_fountains, drop_trap, uniq_agnes,
          uniq_jorgrun
Elf:3:    elf_hall_gauntlet_narrow, layout_geoelf_diagonals
Vaults:1: ontoclasm_vaults_chip, nicolae_vaults_ninety_degrees,
          nicolae_vaults_circle_grid_b, vaults_dpeg_cross,
          nicolae_vaults_network_barrier, hangedman_vaults_slice,
          ontoclasm_vaults_ligature, v_misc_30, v_misc_29,
          layout_vaults_omnicross
Vaults:2: gammafunk_vaults_ghost_cemetery, nicolae_vaults_border_crossing,
          minmay_crypt_entry_simple_box, v_misc_32, nicolae_vaults_shelves_hall,
          vaults_mumra_minichess_inversion, ontoclasm_vaults_gateway, v_misc_26,
          nicolae_vaults_three_branches, vaults_room_stairs_pillars,
          vaults_room_pools, vaults_dpeg_ring, layout_vaults_omnigrid,
          uniq_frederick, uniq_boris
Vaults:3: nicolae_vaults_mini_display_case, hangedman_vaults_slither,
          v_pattern_3, v_misc_22, nicolae_vaults_circle_grid_b, v_rooms_6,
          hangedman_vaults_capsules, st_smaller_cells, ontoclasm_vaults_idyll,
          layout_vaults_ring, uniq_mennas
Vaults:4: v_misc_14, vaults_mumra_chevron_long, vaults_room_fours,
          nicolae_vaults_an_arrangement, nicolae_vaults_asterisk,
          nicolae_vaults_little_squares_3, nicolae_vaults_ring_of_whatevers,
          layout_vaults_big_room, serial_shops, shop
Vaults:5: uniq_bai_suzhen
Depths:1: layout_basic, enter_ziggurat_d, gammafunk_ghost_tricky_traps,
          serial_shops, shop_statue, hangedman_decor_lopped,
          pf_hell_entry_tar_river, hangedman_decor_riveting,
          serial_sigils_hangedman_scar, lightli_church_of_beogh,
          uniq_enchantress
Depths:2: minmay_broken_ring, layout_gridlike, hell_entry,
          infiniplex_staircase_squiggle, uniq_aizul
Depths:3: minmay_tile_spiral, layout_basic, hell_entry,
          chequers_serial_rivers_micro_c, biasface_ghost_demon_polymorph,
          serial_shops, bzr_in_the_mist, grunt_pan_entry_in_and_out,
          abyss_entry, infiniplex_staircase_pillars_1
Depths:4: lightli_eight_chambers, layout_gridlike, grunt_hell_entry_dis_mu,
          cheibriados_altar_1, abyss_entry_small_statue_room, serial_shops, shop
Depths:5: evilmike_zot_entry_castle, layout_gridlike, hell_entry,
          hangedman_abyss_or_decor_jellyfish_corner, serial_bayou_pond_d

Skill      XL: |  1  2  3  4  5  6  7  8  9 10 11 12 13 14 15 16 17 18 19 20 21 22 23 24 25 |
---------------+----------------------------------------------------------------------------+-----
Polearms       | 3 4 5 6 7 8 10 11 12 13 14 | 14.0
Armour         | 2 3 4 5 6 7 8 10 11 12 13 14 15 16 18 19 20 21 22 | 22.9
Dodging        | 2 3 4 5 7 10 11 12 13 14 15 16 17 18 | 18.1
Fighting       | 4 5 6 7 8 9 11 12 13 14 15 16 17 18 19 20 | 20.9
Shields        | 2 5 7 9 11 13 14 15 | 15.7
Evocations     | 1 6 8 9 10 11 12 | 12.0
Stealth        | 7 9 10 | 10.0

Action                   |  1- 3 |  4- 6 |  7- 9 | 10-12 | 13-15 | 16-18 | 19-21 | 22-24 | 25-27 || total
-------------------------+-------+-------+-------+-------+-------+-------+-------+-------+-------++-------
Melee: Spear             |   221 |   299 |   280 |       |       |       |       |       |       ||   800
       Headbutt          |       |    33 |   116 |   231 |   357 |   470 |   530 |   603 |   306 ||  2646
       Trident           |       |       |   270 |   931 |  1509 |  1741 |       |       |       ||  4451
       Bite              |       |       |       |       |   105 |   120 |       |       |       ||   225
       Demon trident     |       |       |       |       |       |   311 |  2116 |  2205 |   960 ||  5592
Invok: Berserk           |       |       |     3 |     5 |    16 |    12 |     7 |     7 |     4 ||    54
       Trog's Hand       |       |       |     1 |       |     1 |       |       |       |     2 ||     4
       Brothers in Arms  |       |       |     1 |       |       |       |       |     1 |       ||     2
Evoke: Wand              |       |       |       |       |     4 |       |     2 |    26 |       ||    32
       Lightning rod     |       |       |       |       |       |       |     1 |       |       ||     1
  Use: Scroll            |       |     2 |     9 |    12 |     2 |    17 |    11 |     9 |     6 ||    68
       Potion            |       |     3 |     2 |       |     2 |     4 |    16 |     7 |     3 ||    37
 Stab: Petrified         |       |       |       |       |     4 |       |       |       |       ||     4
       Distracted        |       |       |       |       |       |     2 |     4 |    10 |     1 ||    17
       Sleeping          |       |       |       |       |       |     2 |    45 |    27 |     4 ||    78
       Invisible         |       |       |       |       |       |       |       |    11 |       ||    11
  Eat: Chunk             |     2 |     9 |    15 |    21 |    30 |    42 |    30 |    40 |     9 ||   198
       Ration            |       |       |     1 |     1 |     5 |     1 |     3 |     1 |     3 ||    15
Armor: Crystal plate arm |   298 |   227 |   423 |   274 |   393 |   506 |   349 |   286 |   292 ||  3048
       Shadow dragon sca |       |       |       |       |       |       |    10 |    94 |       ||   104
Dodge: Dodged            |    24 |    39 |   132 |    81 |   147 |   280 |   365 |   501 |   280 ||  1849
Block: Shield            |       |       |    59 |   509 |   823 |  1117 |  1148 |  1040 |   549 ||  5245
